 Dungeon Crawl Stone Soup version 0.13.0-19-g8e0b589 (webtiles) character file.

549 MDvedh the Cleaver (level 6, 0/50 HPs)
             Began as a Hill Orc Gladiator on Oct 25, 2013.
             Was a Follower of Beogh.
             Succumbed to a killer bee's poison
             ... on Level 3 of the Dungeon.
             The game lasted 00:08:56 (3872 turns).

MDvedh the Cleaver (Hill Orc Gladiator)             Turns: 3872, Time: 00:08:57

HP   0/50        AC 10     Str 20      XL: 6   Next: 70%
MP   5/5         EV 10     Int  8      God: Beogh [*.....]
Gold 179         SH  0     Dex 11      Spells:  0 memorised,  5 levels left

Res.Fire  : . . .   See Invis. : .   a - +0 orc hand axe {=f}
Res.Cold  : . . .   Warding    : .   k - +3 ring mail
Life Prot.: . . .   Conserve   : .   (no shield)
Res.Poison: .       Res.Corr.  : .   c - +0 orc helmet
Res.Elec. : .       Clarity    : .   (no cloak)
Sust.Abil.: . .     Spirit.Shd : .   (no gloves)
Res.Mut.  : .       Stasis     : .   s - +0 pair of boots
Res.Rott. : .       Flight     : .   (no amulet)
Saprovore : + . .                    (no ring)
                                     (no ring)

@: about to teleport, mildly poisoned, slightly resistant to hostile
enchantments, extremely unstealthy
A: saprovore 1
a: Renounce Religion


You were on level 3 of the Dungeon.
You worshipped Beogh.
Beogh was aware of your devotion.
You were hungry.

You visited 1 branch of the dungeon, and saw 4 of its levels.

You collected 159 gold pieces.

Inventory:

Hand weapons
 a - a +0,+0 orcish hand axe (weapon) {=f}
 q - a -1,+1 orcish war axe
Missiles
 d - 3 throwing nets (quivered)
Armour
 c - a +0 orcish helmet (worn)
 k - a +3 ring mail (worn)
 s - a +0 pair of boots (worn)
Comestibles
 f - 2 meat rations
 g - 2 bread rations
 p - 2 apples
 r - a pear
Scrolls
 l - 3 scrolls of identify
Potions
 j - 2 potions of brilliance


   Skills:
 - Level 2.4 Fighting
 + Level 9.6 Axes
 - Level 2.0 Throwing
 - Level 2.4 Dodging


You had 5 spell levels left.
You didn't know any spells.

Dungeon Overview and Level Annotations

Branches:
Dungeon (4/27)
 Temple: D:4-7

Altars:
Elyvilon

Annotations:
D:4 Grinder


Innate Abilities, Weirdness & Mutations

You can tolerate rotten meat.


Message History

* * * LOW HITPOINT WARNING * * *
You feel sick.
Read which item? (? for menu, Esc to quit)
As you read the scroll labeled QACWAKEUGA, it crumbles to dust.
You feel strangely unstable.
It was a scroll of teleportation.
The killer bee stings you.
* * * LOW HITPOINT WARNING * * *
The killer bee closely misses you.
Read which item? (? for menu, Esc to quit)
As you read the scroll labeled STALEIT EMMEA, it crumbles to dust.
Nothing appears to happen.
* * * LOW HITPOINT WARNING * * *
You feel sick. The killer bee stings you.
* * * LOW HITPOINT WARNING * * *
The killer bee stings you! Beogh protects you from harm!
Read which item? (? for menu, Esc to quit)
As you read the scroll labeled REUSEL SMAQE, it crumbles to dust.
You feel forgetful for a moment.
It was a scroll of amnesia.
You die...

### ##.f.....###.# ..#
##....kk..#. ### ######.#.# #
#.#.#### # ###.#....####
##################...........#
........k.k..#.#k.k..####.##.#
...#.#######...#k#.#.......#.#
####.(.# #)###@#b#..#....#.#
..####.# #..)..#.#..#....#.#
#.# #.# #)###.#.#..#......#
#.# #.# ###.#####.#..#.######
#.# #.# #.........#..#.#...#
#.####.# #.#.#######..#.#.#.#
#..%...# #.#...##.....#.....#
##########.#......##..###.###
.# #....#.###..##......##


You could see 2 killer bees.

Vanquished Creatures
  A killer bee (D:3)
  2 orc wizards (D:3)
  A worker ant (D:3)
  Terence (D:3)
  7 gnolls
  3 adders
  A worm (D:4)
  3 giant geckos
  4 oozes (D:3)
  22 orcs
  7 goblins
  7 hobgoblins
  2 jackals (D:3)
  9 kobolds
  2 quokkas
  9 bats
  6 giant cockroaches
  6 giant newts
  9 rats
102 creatures vanquished.

Vanquished Creatures (others)
  An orc priest (D:3)
  A butterfly (D:3)
  A fungus (D:3)
3 creatures vanquished.

Grand Total: 105 creatures vanquished

Notes
Turn   | Place    | Note
--------------------------------------------------------------
     0 | D:1      | MDvedh, the Hill Orc Gladiator, began the quest for the Orb.
     0 | D:1      | Reached XP level 1. HP: 18/18 MP: 0/0
   162 | D:1      | Reached XP level 2. HP: 19/25 MP: 1/1
   382 | D:1      | Reached skill level 5 in Axes
   542 | D:1      | Reached XP level 3. HP: 16/30 MP: 2/2
   856 | D:2      | Found a white marble altar of Elyvilon.
   914 | D:1      | Reached skill level 6 in Axes
  1145 | D:2      | Reached XP level 4. HP: 13/38 MP: 3/3
  1693 | D:2      | Reached skill level 7 in Axes
  1859 | D:2      | Reached XP level 5. HP: 42/44 MP: 4/4
  2575 | D:3      | Noticed Terence
  2605 | D:3      | Killed Terence
  2605 | D:3      | Reached skill level 8 in Axes
  2703 | D:3      | Reached XP level 6. HP: 20/50 MP: 5/5
  2976 | D:3      | Became a worshipper of Beogh the Brigand
  2995 | D:3      | Reached skill level 9 in Axes
  3756 | D:4      | Acquired Beogh's first power
  3786 | D:4      | Noticed Grinder
  3789 | D:4      | Paralysed by Grinder for 4 turns
  3813 | D:4      | Paralysed by Grinder for 4 turns
  3871 | D:3      | HP: 2/50 [poisoned by a killer bee]
  3871 | D:3      | Beogh protects you from harm!
  3872 | D:3      | Succumbed to a killer bee's poison

Action                   |  1- 3 |  4- 6 || total
-------------------------+-------+-------++-------
Melee: Hand axe          |   104 |   379 ||   483
Invok: Convert to Beogh  |       |     1 ||     1
  Use: Scroll            |       |     6 ||     6
       Potion            |       |     2 ||     2
